[Event "Hungarian Championship Men 2022"]
[Site "Budapest"]
[Date "2022.12.12"]
[Round "8.4"]
[White "Papp, Gabor"]
[Black "Prohaszka, Peter"]
[Result "1/2-1/2"]
[ECO "A15"]
[WhiteElo "2564"]
[BlackElo "2562"]
[Annotator "TA"]
[PlyCount "64"]
[EventDate "2022.12.03"]
[EventType "tourn"]
[EventCountry "HUN"]
[SourceTitle "playchess.com"]
[Source "ChessBase"]
[SourceQuality "1"]
[TimeControl "40/5400+30:1800+30"]

1. c4 Nf6 2. Nf3 c5 3. g3 b6 4. Bg2 Bb7 5. O-O g6 6. b3 Bg7 7. Bb2 O-O 8. Nc3 d5 9. Nxd5 Nxd5 10. Bxg7 Kxg7 11. cxd5 Qxd5 12. d4 Na6 {[%emt 0:01:39] The position is equal.} (12... cxd4 {simplifies} 13. Qxd4+ Qxd4 14. Nxd4 Bxg2 15. Kxg2 Nd7) 13. Nh4 {[%emt 0:01:07] A30: Symmetrical English: Double Fianchetto and Hedgehog.} Qd7 14. dxc5 Qxd1 15. Rfxd1 Bxg2 16. Nxg2 Nxc5 17. b4 {[%emt 0:00:15] [#]} Ne6 $146 ({Predecessor:} 17... Na6 18. a3 Rfd8 19. Nf4 Nc7 20. Rxd8 Rxd8 21. Rc1 Rd7 22. f3 e5 23. Nd3 f6 24. a4 Kf7 25. Kf2 Ne6 26. Rc8 Rd8 27. Rc3 Rd7 28. Rc8 Rd8 29. Rc3 {½-½ (29) Malakhov,V (2722)-Ivanchuk,V (2729) Danzhou 2017}) 18. Rd7 Rfe8 19. Nf4 Nxf4 20. gxf4 $11 {[%emt 0:00:06][%mdl 4096] Endgame KRR-KRR} Kf8 21. Rc1 Red8 22. Rcc7 Rxd7 23. Rxd7 {[%emt 0:00:07] KR-KR} a5 24. b5 Rc8 25. Rb7 Rc2 26. e3 Rxa2 27. Rb8+ Kg7 28. Rxb6 Rb2 29. Kg2 a4 30. Ra6 Rxb5 31. Rxa4 e5 32. fxe5 Rxe5 {[%emt 0:00:04] A balanced but interesting game.   Weighted Error Value: White=0.02 (flawless) /Black=0.02 (flawless)} 1/2-1/2

[Event "Hungarian Championship Men 2022"]
[Site "Budapest"]
[Date "2022.12.12"]
[Round "8.5"]
[White "Korpa, Bence"]
[Black "Grigoriants, Sergey"]
[Result "0-1"]
[ECO "A20"]
[WhiteElo "2500"]
[BlackElo "2550"]
[Annotator "TA"]
[PlyCount "54"]
[EventDate "2022.12.03"]
[EventType "tourn"]
[EventCountry "HUN"]
[SourceTitle "playchess.com"]
[Source "ChessBase"]
[SourceQuality "1"]
[TimeControl "40/5400+30:1800+30"]

1. c4 e5 2. g3 Nf6 3. Bg2 h6 4. Nc3 Bb4 5. e4 Nc6 6. Nge2 {[%emt 0:00:21] A20: English Opening: 1...e5.} Bc5 7. O-O a6 8. a3 {[%emt 0:10:38] The position is equal.} d6 9. b4 Ba7 10. h3 {[%emt 0:05:16] [#]} h5 $146 ({Predecessor:} 10... Nd4 11. Rb1 O-O 12. Nxd4 Bxd4 13. Ne2 Ba7 14. d4 Bd7 15. Bb2 Re8 16. Qc2 Qe7 {½-½ (35) Cekro,E (2433)-Jaracz,P (2542) Belgium 2003}) 11. d3 h4 {[%emt 0:10:49] ...hxg3 is the strong threat.} 12. Bg5 (12. g4 $11 {was the only way to keep the balance.}) 12... hxg3 $17 13. Nxg3 Nd4 $36 {[%emt 0:17:59][%cal Od4e6][%mdl 2048] Black is in control. Black is more active.} (13... Bxh3 14. Bxh3 Rxh3 15. Kg2 $15) 14. Nd5 {[%emt 0:29:47] [#]} (14. Nh5 $17 Kf8 15. Kh2) 14... c6 $1 $19 (14... Bxh3 15. Bxh3 Rxh3 16. Bxf6 gxf6 17. Kg2 $11) 15. Bxf6 gxf6 16. Ne3 Be6 (16... Bxh3 17. Bxh3 Rxh3 18. Kg2 $15) (16... Kd7 $19 17. a4 Kc7) 17. Nef5 $17 Qd7 18. b5 (18. Nh5 $17 {keeps fighting.} Qd8 19. Nhg3 (19. Nhg7+ $2 Kd7 $17)) 18... axb5 $19 19. cxb5 Nxb5 (19... Nxf5 20. bxc6 Qxc6 21. exf5 $17) (19... cxb5 20. Nh5 Qd8 21. Rb1 (21. Nhg7+ $2 Kf8 $19)) 20. Nh5 Kd8 21. Nxf6 Qc8 22. Qg4 (22. a4 $142 Bd4 23. Rc1) 22... Nd4 23. Rab1 Kc7 (23... Bxf5 24. Qg7 Ke7 25. exf5 $17) 24. Rfc1 Bc5 (24... Bxf5 25. exf5 Bc5 26. Rxc5 dxc5 27. Qg7 $17) 25. Kh2 Bxf5 (25... Rxa3 $2 {perishes.} 26. Rxc5 Bxf5 27. exf5 dxc5 28. Qg3 $19) 26. exf5 Qxf5 {[%emt 0:00:06] Chess con chili.} ({Weaker is} 26... Bxa3 27. Nd5+ Kb8 28. Ne7 Bxc1 29. Nxc8 Bf4+ 30. Kg1 Rxc8 31. Qg7 $14) 27. Qg7 {[%emt 0:00:28] [#]} (27. Qxf5 $19 Nxf5 28. a4) 27... Nf3+ {[%emt 0:00:25] Weighted Error Value: White=0.61/Black=0.09 (flawless)} ({Don't play} 27... Qxf2 28. Qxf7+ Kc8 29. Qxb7+ Kd8 30. Qd7#) 0-1

[Event "Hungarian Championship Men 2022"]
[Site "Budapest"]
[Date "2022.12.13"]
[Round "9.1"]
[White "Grigoriants, Sergey"]
[Black "Kozak, Adam"]
[Result "1/2-1/2"]
[ECO "C50"]
[WhiteElo "2550"]
[BlackElo "2538"]
[Annotator "TA"]
[PlyCount "34"]
[EventDate "2022.12.03"]
[EventType "tourn"]
[EventCountry "HUN"]
[SourceTitle "playchess.com"]
[Source "ChessBase"]
[SourceQuality "1"]
[TimeControl "40/5400+30:1800+30"]

1. e4 e5 2. Nf3 Nc6 3. Bc4 Bc5 4. d3 Nf6 5. Nc3 h6 6. h3 d6 7. Na4 Bb6 {[%emt 0:01:39] C50: Hungarian Defence and Giuoco Pianissimo.} 8. a3 $1 {[%emt 0:00:25][%mdl 4] is more profitable than 8.Nxb6 at the moment.} Be6 9. Bxe6 fxe6 {[%emt 0:00:08] White has an edge.} 10. c3 O-O 11. O-O Qe8 (11... Ne7 {simplifies} 12. Nxb6 axb6 13. Re1 Ng6) 12. b4 (12. Bd2 {simplifies} Ne7 13. b4 Ng6 14. Nxb6 axb6 15. a4) 12... Nh5 {[%emt 0:12:17] [#]} (12... Ne7 {simplifies} 13. Nxb6 axb6 14. a4 Ng6) 13. Ra2 $5 $146 {[%emt 0:04:49][%mdl 8] New and interesting.} (13. Nxb6 {simplifies} axb6 14. a4 Ne7 15. Ra2) ({Predecessor:} 13. Kh2 Qf7 14. Nxb6 axb6 15. a4 Nf4 16. Ra2 b5 17. Ne1 Qh5 18. f3 Ra6 19. c4 Rxa4 20. Rxa4 bxa4 21. Qxa4 {1-0 (47) Abdusattorov,N (2688)-Oparin,G (2683) Chess.com INT 2022}) 13... Qg6 14. Nh4 Qf7 15. Nf3 Qg6 16. Nh4 Qf7 17. Nf3 Qg6 {[%emt 0:00:56] An interesting draw.   Weighted Error Value: White=0.10 (very precise) /Black=0.02 (flawless)} 1/2-1/2

[Event "Hungarian Championship Men 2022"]
[Site "Budapest"]
[Date "2022.12.13"]
[Round "9.2"]
[White "Prohaszka, Peter"]
[Black "Korpa, Bence"]
[Result "1-0"]
[ECO "E71"]
[WhiteElo "2562"]
[BlackElo "2500"]
[Annotator "TA"]
[PlyCount "79"]
[EventDate "2022.12.03"]
[EventType "tourn"]
[EventCountry "HUN"]
[SourceTitle "playchess.com"]
[Source "ChessBase"]
[SourceQuality "1"]
[TimeControl "40/5400+30:1800+30"]

1. d4 {[%emt 0:00:32] Dautov,Rustem} Nf6 2. c4 g6 3. Nc3 Bg7 4. e4 d6 5. h3 O-O 6. Be3 c5 7. d5 e6 8. Nf3 $1 {[%emt 0:00:14][%mdl 4] is recently more successful than 8.Bd3.} exd5 9. cxd5 Qe7 {[%emt 0:10:08] A70: Modern Benoni: 6 e4 g6 7 Nf3.} (9... Re8 $5 ) 10. Nd2 {[%emt 0:11:48] [#]} Nxe4 $1 {[%emt 0:16:56] [#]} 11. Ncxe4 $146 (11. Ndxe4 f5) ({Predecessor:} 11. Ndxe4 f5 12. Nxd6 Qxd6 13. Be2 Bxc3+ 14. bxc3 f4 15. Bc1 Nd7 16. c4 Qf6 17. Rb1 {0-1 (41) Dautov,R (2600)-Psakhis,L (2565) Dresden 1998 CBM 065 [Dautov,Rustem]}) 11... f5 {[%emt 0:00:12] Black has an edge.} 12. Nxd6 Qxd6 13. Be2 (13. Nc4 $5 Qa6 14. Nd2 $15 (14. Bxc5 Re8+ 15. Ne3 Qa5+ 16. b4 Qa3 $17)) 13... b5 {[%emt 0:08:53] Prevents Nc4.} 14. O-O (14. Bxb5 $2 f4 15. Nc4 Qe7 $17) 14... Bb7 (14... Nd7 $1 $15 {stays ahead.}) 15. Bxb5 $16 f4 {[%emt 0:01:15] [#]} 16. Nc4 (16. Ne4 $1 $16 Qxd5 17. Qxd5+ (17. Nxc5 $2 Qxg2#) 17... Bxd5 18. Bxc5 Bxe4 19. Bc4+ Kh8 20. Bxf8 Bxf8 21. Rfe1) 16... Qxd5 (16... Qe7 $1 $11 {keeps the balance.}) 17. Qxd5+ Bxd5 18. Bxc5 Rc8 19. Ba3 {[%emt 0:01:53] aiming for Nd6.} ({But not} 19. b4 Bxa1 20. Rxa1 Nc6 $14) (19. Bd6 {keeps more tension.} Rxc4 20. Bxc4 Bxc4 21. Rac1) 19... Nc6 (19... Bxc4 $2 20. Rac1 Be6 21. Rxc8+ Bxc8 22. Bc4+ Kh8 23. Bd5 $18) (19... Rxc4 $14 20. Rfd1 Rd4) 20. Nd6 $36 {[%emt 0:01:04][%mdl 2048] White is really pushing.} Rd8 21. Rfc1 (21. Bxc6 {simplifies} Bxc6 22. Rfd1 Ba4 23. Rd5) 21... Ne5 22. Rc7 f3 (22... Nf7 $142) 23. g4 {[%emt 0:00:59] White is more active.} ({White should play} 23. Re1 {[%cal Oc7g7] Threatens to win with Rxg7+!} Bf6 24. Ne4) 23... a6 24. Bf1 {[%emt 0:00:31] Strongly threatening Re1.} Bf8 25. Nc4 Bxa3 (25... Bxc4 $16 {was called for.} 26. Bxc4+ Nxc4 27. Bxf8 (27. Rxc4 Bg7 $16) 27... Rdc8 28. Rxc8 Rxc8) 26. Nxa3 $18 Bf7 27. Re1 Nd3 (27... Rd7 28. Rc3 Rd5) 28. Ree7 Bxa2 29. Rg7+ ({Not} 29. Rxh7 Ne5 $18) 29... Kf8 30. Rxh7 Nxb2 $2 (30... Bg8) 31. Rh8+ $2 (31. Bc4 Bxc4 32. Nxc4) 31... Bg8 {[%emt 0:00:05] This costs Black the game.} 32. Nc4 {[%emt 0:00:39] White threatens Ne5 and mate.} Rac8 33. Rxc8 Rxc8 34. Nxb2 {[%emt 0:00:01][%cal Of1c4] Hoping for Bc4!} Kg7 $2 {[%emt 0:00:12] [#]} (34... Rc1 35. g5 Kg7) 35. Rxg8+ $1 {[%emt 0:00:22] White is clearly winning.} Rxg8 36. Bxa6 Rd8 37. Nc4 Kf6 38. Kh2 Rb8 39. Kg3 Rb4 40. Ne3 {[%emt 0:00:00] Weighted Error Value: White=0.46/Black=0.37} ({Less strong is} 40. Kxf3 Ra4 $16) 1-0

[Event "Hungarian Championship Men 2022"]
[Site "Budapest"]
[Date "2022.12.13"]
[Round "9.3"]
[White "Horvath, Csaba"]
[Black "Papp, Gabor"]
[Result "1-0"]
[ECO "E15"]
[WhiteElo "2502"]
[BlackElo "2564"]
[Annotator "TA"]
[PlyCount "75"]
[EventDate "2022.12.03"]
[EventType "tourn"]
[EventCountry "HUN"]
[SourceTitle "playchess.com"]
[Source "ChessBase"]
[SourceQuality "1"]
[TimeControl "40/5400+30:1800+30"]

1. d4 Nf6 2. c4 e6 3. Nf3 b6 4. g3 Ba6 5. b3 Bb4+ 6. Bd2 Be7 7. Nc3 d5 8. cxd5 exd5 9. Bg2 O-O 10. O-O Re8 11. Ne5 {[%emt 0:07:03][%cal Ob3b4] 11.Rc1 is more fashionable. E15: Queen's Indian: 4 g3 sidelines, 4 g3 Ba6 and 4 g3 Bb7 early deviations.} Bb7 12. Rc1 Nbd7 13. Rc2 {[%emt 0:01:20] The position is equal.} a6 14. Bc1 h6 15. Bb2 Bd6 16. Nc4 Bf8 {[%emt 0:00:04] [#]} 17. Ne3 $5 $146 {[%emt 0:01:32][%mdl 8] New and interesting.} ({Predecessor:} 17. Qc1 c6 18. Nd2 c5 19. dxc5 Nxc5 20. Nf3 d4 21. Na4 Nxa4 22. bxa4 Bc5 23. Rd1 {0-1 (68) Panesar,V (2379)-Aditya,M (2487) Dhaka 2022}) 17... c6 18. Nf5 g6 19. Nh4 Bg7 20. Nf3 a5 21. Qc1 Ba6 22. Rd1 Qe7 23. e3 Qe6 24. Ne2 Bxe2 25. Rxe2 a4 26. Rc2 Rec8 27. Ne1 axb3 28. axb3 Bf8 29. Nd3 Ne4 (29... g5 $16) 30. Nf4 ({White should play} 30. f3 $18 Nd6 31. e4 (31. Rxc6 Rxc6 32. Qxc6 Rc8 $19)) 30... Qd6 (30... Qe8 $16 {might work better.}) 31. f3 $18 Ng5 {[%emt 0:05:29] [#]} 32. e4 $1 dxe4 33. fxe4 Qb4 34. Rd3 ({Don't take} 34. Rxc6 $6 Qxb3 35. Rd3 (35. Rxc8 Rxc8 36. Qxc8 Qxd1+ 37. Bf1 Nc5 $17) 35... Rxc6 36. Qxc6 (36. Rxb3 Rxc1+ 37. Bxc1 Ra1 $11) 36... Qa2 $16) (34. e5 Qxb3 35. Rd3 (35. Bxc6 Rxc6 36. Rxc6 Nc5 $14) (35. Rxc6 Nf3+ 36. Bxf3 Qxf3 $11) 35... Qb5 $18) 34... Ra2 35. e5 (35. Rxc6 $2 {loses.} Rxc6 36. Qd2 Nf6 $19) 35... c5 36. h4 Qb5 $2 (36... Ne6 37. Nxe6 fxe6) 37. hxg5 hxg5 {[%emt 0:00:04] [#]} 38. Bd5 $1 {[%emt 0:00:09] Weighted Error Value: White=0.05 (flawless) /Black=0.16 (very precise)} 1-0

[Event "Hungarian Championship Men 2022"]
[Site "Budapest"]
[Date "2022.12.13"]
[Round "9.4"]
[White "Horvath, Adam"]
[Black "Fodor, Tamas Jr."]
[Result "0-1"]
[ECO "C77"]
[WhiteElo "2501"]
[BlackElo "2517"]
[Annotator "TA"]
[PlyCount "82"]
[EventDate "2022.12.03"]
[EventType "tourn"]
[EventCountry "HUN"]
[SourceTitle "playchess.com"]
[Source "ChessBase"]
[SourceQuality "1"]
[TimeControl "40/5400+30:1800+30"]

1. e4 e5 2. Nf3 Nc6 3. Bb5 a6 4. Ba4 Nf6 5. Nc3 b5 6. Bb3 Be7 7. a4 {[%emt 0:01:32] C77: Ruy Lopez: 3...a6 4 Ba4 Nf6, unusual lines.} b4 8. Nd5 d6 9. d4 {[%emt 0:00:29] The position is equal.} Bg4 (9... Nxe4 10. Qd3 f5 11. O-O $16 (11. Qc4 Na5 $16)) (9... Na5 {simplifies} 10. Nxf6+ Bxf6 11. dxe5 Nxb3 12. cxb3 Bxe5 13. Nxe5 dxe5 14. Qc2 O-O) 10. dxe5 dxe5 11. Be3 Na5 (11... Nxe4 12. Nxe7 Qxd1+ 13. Rxd1 $16) 12. Nxf6+ Bxf6 13. Bd5 c6 14. Ba2 Qe7 {[%emt 0:04:24] [#]} 15. Bb6 $146 ({Predecessor:} 15. O-O O-O 16. h3 Bd7 17. Qe2 Rfb8 18. Nd2 Nb7 19. Bc4 a5 20. Nb3 Qd8 21. Rfd1 {1-0 (43) Horvath,A (2484)-Kushagra,M (2150) Chennai 2018}) 15... Nb7 {[%emt 0:00:56][%cal Ob4b3] [#] Strongly threatening ...b3!} 16. O-O (16. a5 $14) 16... a5 $1 $11 17. h3 Bh5 18. Qd3 O-O 19. Rfd1 Nc5 {[%emt 0:02:41] Against g4} 20. Qe3 Ne6 ({Better is} 20... Nxa4 $11 21. Bxf7+ Qxf7 22. Rxa4 Bh4) 21. Bxe6 Qxe6 22. Rd3 h6 23. b3 Be7 24. Rad1 (24. Nd2 $16) 24... c5 $1 25. Bc7 (25. Rd7 $11 {was preferrable.}) 25... Rfc8 $15 {[%emt 0:02:52] [#] aiming for ...Bxf3.} 26. Bd6 (26. Bxe5 $2 Bxf3 27. Qxf3 Qxe5 $19) 26... c4 27. bxc4 Rxc4 ({Black should play} 27... Bxd6 $15 28. Rxd6 Qxc4) 28. Bxe7 $11 Qxe7 29. Rd7 Qe8 $36 {[%emt 0:06:06][%mdl 2048] Black has good play.} 30. Qb6 {[%emt 0:01:15] And now Rd8 would win.} Rcc8 {[%emt 0:04:08] Inhibits Rd8.} (30... Rxc2 $2 31. Rd8 $18) 31. Qd6 $2 (31. R1d5 $11) 31... Bxf3 $19 (31... Rxc2 32. g4 Bg6 33. Nxe5 $11) 32. gxf3 Rxc2 33. Re7 $2 (33. Kg2) 33... Qxa4 34. Rxf7 Kxf7 35. Qd5+ Kg6 36. Qxa8 {[%emt 0:00:18][%mdl 4096] Endgame White wants to mate with Qf8. KQR-KQR} Kh7 {[%emt 0:01:02][%cal Oc2f2] Threatens to win with ...Rxf2!} 37. Rd8 (37. Qf8 $142 Rc6 38. Rd8) 37... Qc6 {[%emt 0:00:19] Hoping for ...Qxa8.} ({Weaker is} 37... Qa1+ 38. Kg2 Qa4 39. Rh8+ (39. Qd5 $2 Qa2 $19) 39... Kg6 40. Qd8 $11) 38. Rh8+ Kg6 39. Qg8 Kh5 {[%emt 0:01:33] Active counter play!} (39... Qb6 {leads to mate.} 40. Qe8+ Kg5 41. Qxe5+ Kh4 42. Qf4+ Kxh3 43. Qh2#) 40. Qf8 {[%emt 0:00:00] Black must now prevent Qf5+.} Rc1+ (40... Qg6+ $142 41. Kf1 b3 42. Qf5+ Qxf5 43. exf5 b2 44. Rb8 Rc1+ 45. Ke2 b1=Q 46. Rxb1 Rxb1 47. f6 gxf6 48. Kd2 a4 49. Kc2 Rb8 50. Kd2 a3 51. Kd3 a2 52. f4 a1=Q 53. fxe5 fxe5 54. Ke4 Qd4+ 55. Kf3 Rb2 56. Kg2 Qxf2+ 57. Kh1 Qh2#) 41. Kh2 Qg6 {[%emt 0:02:26] Weighted Error Value: White=0.69/Black=0.42} 0-1

[Event "Hungarian Championship Men 2022"]
[Site "Budapest"]
[Date "2022.12.13"]
[Round "9.5"]
[White "Nagy, Gabor"]
[Black "Berkes, Ferenc"]
[Result "1/2-1/2"]
[ECO "D30"]
[WhiteElo "2482"]
[BlackElo "2643"]
[Annotator "TA"]
[PlyCount "45"]
[EventDate "2022.12.03"]
[EventType "tourn"]
[EventCountry "HUN"]
[SourceTitle "playchess.com"]
[Source "ChessBase"]
[SourceQuality "1"]
[TimeControl "40/5400+30:1800+30"]

1. d4 d5 2. c4 e6 3. Nf3 a6 4. Bg5 Be7 5. Bxe7 Qxe7 6. Nbd2 {[%emt 0:00:46] D30: Queen's Gambit Declined: Systems without Nc3.} Nf6 7. Qc2 O-O 8. g3 {[%emt 0:04:54] The position is equal.} c5 9. cxd5 cxd4 $1 {[%emt 0:12:07] [#]} 10. Nxd4 $146 ({Predecessor:} 10. dxe6 Bxe6 11. Bg2 Nc6 12. O-O Rac8 13. a3 Rfd8 14. Qa4 Bd5 15. Rfe1 Ne4 16. Nxe4 Bxe4 {½-½ (46) Drygalov,S (2483)-Shapiro,D (2392) Chess.com INT 2020}) 10... Nxd5 11. Bg2 Bd7 12. O-O Nc6 13. Nxc6 Bxc6 14. Nb3 Rfd8 15. Nd4 Be8 16. Rfd1 Rac8 17. Qb3 h6 18. Rac1 Rxc1 19. Rxc1 Nf6 20. Qc3 Nd5 21. Qb3 Nf6 22. Qc3 Nd5 23. Qb3 {[%emt 0:00:07] A rather calm draw.   Weighted Error Value: White=0.05 (flawless) /Black=0.01 (flawless)} 1/2-1/2